 Dungeon Crawl Stone Soup version 0.30-a0-757-ga6a79fd877 (webtiles) character file.

Game seed: 18072024595813229832

16983 avis the Skirmisher (level 11, -2/86 HPs)
             Began as a Demigod Hunter on Feb 9, 2023.
             Slain by a fire crab (9 damage)
             ... in a Gauntlet on Feb 10, 2023.
             The game lasted 01:30:46 (13066 turns).

avis the Skirmisher (Demigod Hunter)               Turns: 13066, Time: 01:30:47

Health: -2/86      AC:  9    Str: 18    XL:     11   Next: 86%
Magic:  4/4        EV: 22    Int:  8    God:
Gold:   957        SH:  0    Dex: 29    Spells: 10/10 levels left

rFire   + . .      SeeInvis .    a - +9 sling "Murmur" {antimagic, rN+ Will+ Str+6 Int-3}
rCold   + + .      Faith    .    (no shield)
rNeg    + . .      Spirit   .    O - +0 swamp dragon scales
rPois   +          Reflect  .    (no helmet)
rElec   +          Harm     .    (no cloak)
rCorr   +          Rampage  .    (no gloves)
Will    ++...      NoTele   +    n - +1 pair of boots
Stlth   +++                      J - amulet of the acrobat
HPRegen 0.34/turn                p - ring of protection from cold
MPRegen 0.09/turn                (no ring)

@: resistant
A: high MP 1, forlorn, divine attributes
a: no special abilities


You were in a Gauntlet.
You visited 2 branches of the dungeon, and saw 13 of its levels.
You also visited: Bailey and Gauntlet.

You collected 957 gold pieces.

Inventory:

Hand Weapons
 a - the +9 sling "Murmur" (weapon) {antimagic, rN+ Will+ Str+6 Int-3}
   (You found it on level 6 of the Dungeon)

   Str:       It affects your strength (+6).
   Int:       It affects your intelligence (-3).
   rN:        It protects you from negative energy.
   Will:      It increases your willpower.
 b - a +5 long sword of freezing
 S - the +3 rapier of the Reaper {venom, *Noise rC+ Str+3 Int+3}
   (You took it off an orc on level 11 of the Dungeon)

   Str:       It affects your strength (+3).
   Int:       It affects your intelligence (+3).
   rC:        It protects you from cold.
   *Noise:    It may make noises in combat.
Missiles
 m - 8 poisoned darts
 E - 2 curare-tipped darts
 Q - 3 throwing nets
Armour
 n - a +1 pair of boots (worn)
 O - +0 swamp dragon scales (worn)
Jewellery
 p - a ring of protection from cold (left hand)
 C - an amulet of guardian spirit
 J - an amulet of the acrobat (around neck)
Wands
 h - a wand of digging (5)
 r - a wand of charming (8)
 F - a wand of flame (19)
 R - a wand of roots (8)
Scrolls
 e - 4 scrolls of immolation
 i - 3 scrolls of fear {unknown}
 o - 2 scrolls of amnesia {unknown}
 t - 2 scrolls of fog {unknown}
 u - 3 scrolls of blinking {unknown}
 w - 2 scrolls of teleportation
 A - 4 scrolls of poison {unknown}
 D - 3 scrolls of noise {unknown}
 G - 2 scrolls of enchant weapon {unknown}
 M - 3 scrolls of enchant armour {unknown}
 P - 2 scrolls of vulnerability {unknown}
 V - 2 scrolls of brand weapon {unknown}
Potions
 d - 2 potions of resistance
 f - 2 potions of curing
 g - 2 potions of lignification
 j - 3 potions of invisibility
 k - 2 potions of might
 l - 2 potions of magic {unknown}
 q - 3 potions of brilliance
 v - 2 potions of cancellation {unknown}
 x - a potion of flight {unknown}
 z - 2 potions of haste {unknown}
 B - a potion of degeneration {unknown}


   Skills:
 - Level 5.0 Fighting
 * Level 13.3 Ranged Weapons
 - Level 12.0 Dodging
 - Level 4.0 Stealth


You had 10 spell levels left.
You didn't know any spells.
Your spell library contained the following spells:

 Spells                   Type           Power      Damage    Failure   Level
 Beastly Appendage        Tmut           0%         N/A       61%         1
 Magic Dart               Conj           0%         1d3       61%         1
 Sandblast                Erth           0%         2d4       61%         1
 Call Imp                 Summ           0%         N/A       75%         2
 Cigotuvi's Dreadful Rot  Necr/Pois/Air  0%         N/A       75%         2
 Ensorcelled Hibernation  Hex/Ice        0%         N/A       75%         2
 Passwall                 Tmut/Erth      0%         N/A       75%         2
 Poisonous Vapours        Pois/Air       0%         N/A       75%         2
 Scorch                   Fire           0%         2d5       75%         2
 Wereblood                Tmut           0%         N/A       75%         2
 Mephitic Cloud           Conj/Pois/Air  0%         N/A       93%         3
 Spider Form              Tmut/Pois      0%         N/A       93%         3
 Stone Arrow              Conj/Erth      0%         3d7       93%         3
 Tukima's Dance           Hex            0%         N/A       93%         3
 Anguish                  Hex/Necr       0%         N/A       100%        4
 Flame Wave               Conj/Fire      0%         2d4       100%        4
 Passage of Golubria      Tloc           0%         N/A       100%        4
 Summon Lightning Spire   Summ/Air       0%         N/A       100%        4
 Yara's Violent Unravell  Hex/Tmut       0%         3d3       100%        5
 Summon Cactus Giant      Summ           0%         N/A       100%        6
 Storm Form               Tmut/Air       0%         N/A       100%        7
 Maxwell's Capacitive Co  Air            0%         ∞         100%        8


Dungeon Overview and Level Annotations

Branches:
Dungeon (12/15)            Temple (1/1) D:5            Lair (0/5) D:11
    Orc (0/2) D:11         Bailey (visited)         Gauntlet (1/1)

Shops:
D:1 (   D:11 ([

Annotations:
Gauntlet 9 transporters, 11 runed translucent doors


Innate Abilities, Weirdness & Mutations

You have an increased reservoir of magic. (+10% MP)
You shall have no god before yourself.
Your divine heritage dramatically boosts your attributes as you level up.


Message History

The fire bat completely misses you.
You feel much better. The fire bat completely misses you.
The fire bat closely misses you. The fire crab bites you!
You are engulfed in flames!
The fire crab claws you!
You are engulfed in flames!
* * * LOW HITPOINT WARNING * * *
Fire: a) +9 sling "Murmur" {antimagic, rN+ Will+ Str+6 Int-3}
Press: ? - help, Q - select action, (/) - cycle Shift-Dir - straight line, f/p - fire crab
Aim: a fire crab (moderately wounded, 85% to hit)
You shoot a sling bullet. The sling bullet hits the fire crab!
The fire crab is heavily wounded.
The fire bat closely misses you. The fire crab closely misses you.
The fire crab completely misses you.
Fire: a) +9 sling "Murmur" {antimagic, rN+ Will+ Str+6 Int-3}
Press: ? - help, Q - select action, (/) - cycle Shift-Dir - straight line, f/p - fire crab
Aim: a fire crab (heavily wounded, 85% to hit)
You shoot a sling bullet.
The sling bullet closely misses the fire crab.
The fire bat closely misses you. The fire bat barely misses you.
The fire crab breathes flames at you.
The blast of flame engulfs you but does no damage.
You feel better.
You are engulfed in blazing flames.
* * * LOW HITPOINT WARNING * * *
The fire bat closely misses you. x2
The fire crab breathes flames at you. The blast of flame engulfs you.
* * * LOW HITPOINT WARNING * * *
You feel protected.
You are engulfed in blazing flames.
You resist.
* * * LOW HITPOINT WARNING * * *
The fire bat misses you. The fire bat completely misses you.
The fire bat closely misses you. The fire crab barely misses you.
The fire crab misses you.
You feel better. The fire bat closely misses you. The fire bat misses you.
The fire bat barely misses you. The fire crab breathes flames at you.
The blast of flame misses you. The fire crab attacks as you move away!
The fire crab closely misses you. The fire crab claws you!
You die...

###≈.......................
#8#........................
###..###########...########
#..#..=[©....#.8.#.^.....
###..#.........#...#.##^.^#
#8#..#..#+++#..#####.#.#.#.
###..#++#...#''#...#..##.##
#..#..+...+..#©.©#..#.©^#
###..#..+b@b+..#...#G.##.##
#8#..#++#'#t#''#####.#.#.#.
###..#..+...'..#...#.##.G^#
#..#..+.©.'..#...#.......
###..###########...########
#8#.....#.©.#....≈....#.©.#
###...8.#...#.8.≈8≈.8.#...#
#.....#.©.#....≈§...#.©.#
###..###########.§.########


You could see a fire crab and 2 fire bats.

Vanquished Creatures
  Harold (D:9)
  5 two-headed ogres
  A sixfirhy (D:11)
  A wizard (D:10)
  An orc knight (Bailey)
  A deep elf zephyrmancer (Bailey)
  A cyclops (D:11)
  2 rust devils
  Maggie (D:9)
  4 kobold demonologists (D:10)
  A komodo dragon (D:11)
  A red devil (D:11)
  5 trolls
  3 hornets
  3 shadows (D:10)
  A vampire (D:12)
  A ynoxinul (Gauntlet)
  A basilisk (D:11)
  3 wyverns (D:11)
  4 vampire mosquitoes
  A chaos spawn (D:11)
  2 steam dragons
  3 acid dragons
  A water moccasin (D:6)
  3 ice beasts
  9 orc warriors
  2 black bears
  An ogre (D:6)
  3 phantoms
  4 kobold brigands
  4 bullfrogs
  2 necrophages
  3 scorpions
  9 wights
  10 killer bees
  2 crimson imps
  3 howler monkeys
  2 quasits (D:11)
  4 hounds
  5 orc priests
  A jelly (D:5)
  3 iron imps (Gauntlet)
  3 iguanas
  8 orc wizards
  14 adders
  A shadow imp (D:8)
  2 white imps
  3 dart slugs
  2 worms
  32 orcs
  7 endoplasms
  3 giant cockroaches
  10 goblins
  4 hobgoblins
  2 jackals (D:1)
  21 kobolds
  5 quokkas
  11 ball pythons
  2 bats
  5 frilled lizards
  7 rats
260 creatures vanquished.

Vanquished Creatures (others)
  A butterfly (D:4)
  5 demonic plants (D:11)
  5 fungi (D:3)
  4 toadstools (D:3)
  14 withered plants (Gauntlet)
29 creatures vanquished.

Grand Total: 289 creatures vanquished

Notes
Turn   | Place    | Note
-------+----------+-------------------------------------------
     0 | D:1      | avis the Demigod Hunter began the quest for the Orb.
     0 | D:1      | Reached XP level 1. HP: 17/17 MP: 3/3
   163 | D:1      | Reached skill level 1 in Stealth
   343 | D:1      | Reached XP level 2. HP: 24/24 MP: 4/4
   413 | D:1      | Reached skill level 4 in Ranged Weapons
   453 | D:1      | Found Vat Cag's Weapon Shop.
  1278 | D:2      | Reached XP level 3. HP: 29/29 MP: 5/5
  1781 | D:3      | Noticed a phantom
  2152 | D:3      | Reached XP level 4. HP: 36/36 MP: 6/6
  2677 | D:3      | Reached XP level 5. HP: 45/45 MP: 7/7
  2916 | D:3      | Reached skill level 5 in Ranged Weapons
  3608 | D:4      | Reached XP level 6. HP: 45/51 MP: 8/8
  3801 | D:5      | Entered Level 5 of the Dungeon
  3959 | D:5      | Reached skill level 6 in Ranged Weapons
  4244 | D:5      | Found a staircase to the Ecumenical Temple.
  4377 | D:5      | Reached XP level 7. HP: 32/57 MP: 9/9
  4540 | D:6      | Reached skill level 5 in Dodging
  5192 | D:5      | Reached XP level 8. HP: 62/66 MP: 10/10
  5361 | D:6      | Reached skill level 7 in Ranged Weapons
  5688 | D:6      | Identified the +9 sling "Murmur" {antimagic, rN+ Will+
                  | Str+6 Int-3}
  5834 | Temple   | Entered the Ecumenical Temple
  6163 | D:7      | Reached skill level 8 in Ranged Weapons
  6276 | D:7      | Noticed a hornet
  6284 | D:7      | Killed a hornet
  7086 | D:8      | Reached XP level 9. HP: 71/71 MP: 3/11
  7576 | D:8      | Reached skill level 9 in Ranged Weapons
  7745 | D:9      | Paralysed by a hornet for 3 turns
  8066 | D:9      | Reached skill level 10 in Ranged Weapons
  8176 | D:9      | Noticed Maggie
  8185 | D:9      | Killed Maggie
  8513 | D:9      | Noticed Harold
  8522 | D:9      | Killed Harold
  8523 | D:9      | Reached XP level 10. HP: 26/78 MP: 1/13
  8946 | D:9      | Noticed a two-headed ogre
  8956 | D:9      | Killed a two-headed ogre
  8957 | D:9      | Reached skill level 10 in Dodging
  9149 | D:10     | Entered Level 10 of the Dungeon
  9271 | D:10     | Noticed a two-headed ogre
  9278 | D:10     | Killed a two-headed ogre
  9445 | D:10     | Reached skill level 11 in Ranged Weapons
  9466 | D:10     | Noticed a wizard
  9482 | D:10     | Found a flagged portal.
  9513 | Bailey   | Entered a bailey
  9763 | Bailey   | Noticed an orc knight
  9795 | Bailey   | Killed an orc knight
  9912 | Bailey   | Found a large runed translucent door.
  9912 | Bailey   | Found a large runed translucent door.
  9928 | Bailey   | Noticed a deep elf zephyrmancer
  9967 | Bailey   | HP: 1/78 [deep elf zephyrmancer/bolt of lightning (35)]
  9975 | Bailey   | Killed a deep elf zephyrmancer
  9976 | Bailey   | Reached skill level 12 in Ranged Weapons
  9992 | Bailey   | Identified the +2 flail of Qazlal's Reproof {flame, rElec
                  | Will++ MP+9 Int-2}
  9994 | Bailey   | Identified the +6 chain mail "Xyjass" {Will+ Str-3 Int+3}
 10628 | D:10     | Noticed a two-headed ogre
 10634 | D:10     | Killed a two-headed ogre
 10751 | D:10     | Reached XP level 11. HP: 76/84 MP: 4/14
 11028 | D:10     | Killed a wizard
 11163 | D:11     | Found Haonteoc's Armour Shop.
 11163 | D:11     | Found a staircase to the Orcish Mines.
 11163 | D:11     | Found Sukhikoq's Weapon Shop.
 11814 | D:11     | Noticed a two-headed ogre
 11817 | D:11     | Reached skill level 5 in Fighting
 11835 | D:11     | Killed a two-headed ogre
 12133 | D:11     | Found a staircase to the Lair.
 12257 | D:11     | Noticed a sixfirhy
 12268 | D:11     | Killed a sixfirhy
 12277 | D:11     | Noticed a two-headed ogre
 12280 | D:11     | Identified the +3 rapier of the Reaper {venom, *Noise rC+
                  | Str+3 Int+3}
 12296 | D:11     | Killed a two-headed ogre
 12540 | D:11     | You fall into a shaft and drop 1 floor!
 12608 | D:12     | Reached skill level 13 in Ranged Weapons
 12658 | D:12     | Found a gate leading to a gauntlet.
 12675 | Gauntlet | Entered a Gauntlet
 12675 | Gauntlet | Found a transporter.
 12675 | Gauntlet | Found a transporter.
 12675 | Gauntlet | Found a transporter.
 12684 | Gauntlet | Found a transporter.
 12686 | Gauntlet | Found a large runed translucent door.
 12687 | Gauntlet | Found a large runed translucent door.
 12688 | Gauntlet | Found a large runed translucent door.
 12688 | Gauntlet | Found a large runed translucent door.
 12688 | Gauntlet | Found a runed translucent door.
 12688 | Gauntlet | Found a runed translucent door.
 12689 | Gauntlet | Found a large runed translucent door.
 12689 | Gauntlet | Found a large runed translucent door.
 12689 | Gauntlet | Found a large runed translucent door.
 12689 | Gauntlet | Found a large runed translucent door.
 12690 | Gauntlet | Found a large runed translucent door.
 12691 | Gauntlet | Found a large runed translucent door.
 12692 | Gauntlet | Found a large runed translucent door.
 12692 | Gauntlet | Found a large runed translucent door.
 12693 | Gauntlet | Found a large runed translucent door.
 12693 | Gauntlet | Found a large runed translucent door.
 12693 | Gauntlet | Found a large runed translucent door.
 12693 | Gauntlet | Found a large runed translucent door.
 12696 | Gauntlet | Found a runed translucent gate.
 12696 | Gauntlet | Found a runed translucent gate.
 12696 | Gauntlet | Found a runed translucent gate.
 12698 | Gauntlet | Found a transporter.
 12701 | Gauntlet | Noticed a fire crab
 12713 | Gauntlet | Found a transporter.
 12727 | Gauntlet | Found a transporter.
 12742 | Gauntlet | Found a transporter.
 12751 | Gauntlet | Noticed a necromancer
 12753 | Gauntlet | Found a transporter.
 12766 | Gauntlet | Noticed a seven-headed hydra
 12821 | Gauntlet | Found a transporter.
 12821 | Gauntlet | Found a transporter.
 12864 | Gauntlet | Found a transporter.
 13064 | Gauntlet | HP: 1/86 [fire crab] (10)]
 13066 | Gauntlet | Slain by a fire crab

Illustrated notes

Levels and vault maps discovered:
D:1:      dpeg_arrival_brainrot, layout_loops_ring, serial_glass,
          glass_columns_c, glass_columns_b,
          hellmonk_ecumenical_altar_heavens_door, serial_shops,
          nicolae_shop_statue_plus, minmay_pentomino_r4
D:2:      layout_basic, chequers_serial_rivers_small_a, minivault_24,
          minivault_25
D:3:      minmay_skewed_foursquare, layout_rooms, nicolae_ru_path_of_blood,
          minmay_gold_behind_fungi, grunt_decor_one_mirror,
          corexii_hall_statues_l, minmay_snake_closets
D:4:      layout_basic, nicolae_elyvilon_peaceful_grove,
          makhleb_heckhound_becter
D:5:      layout_basic, minmay_temple_entry_overgrown
D:6:      layout_basic, mainiacjoe_overflow_surrounded_room
D:7:      layout_basic, minmay_fire_ice_demons
D:8:      layout_gridville, grunt_temple_overflow_forces_of_nature,
          nzn_wu_jian_council_hall, grunt_temple_overflow_open
D:9:      layout_gridville, mainiacjoe_overflow_concentric_impassable,
          minivault_26, uniq_maggie, uniq_harold
D:10:     layout_loops_ring, enter_bailey_2, lightli_wizard_tower
D:11:     layout_rooms, erik_lair_dragon, orc_david_3, serial_demonic,
          serial_demonic_e, serial_demonic_a, serial_demonic_e,
          serial_demonic_e, serial_demonic_d
D:12:     cheibrodos_barr_body, layout_irregular_city, gauntlet_entry_generic
Temple:   hellmonk_temple_two_chambers
Gauntlet: gammafunk_gauntlet_shortcut [gammafunk_gauntlet_arena_split_x,
          nicolae_gauntlet_arena_blocks, nicolae_gauntlet_arena_flowing_pool,
          minmay_gauntlet_arena_make_your_own_arena,
          gammafunk_gauntlet_arena_corners,
          gammafunk_gauntlet_arena_arrow_garden,
          nicolae_gauntlet_exit_dead_adventurers]

Skill      XL: |  1  2  3  4  5  6  7  8  9 10 11 |
---------------+----------------------------------+-----
Stealth        | 1 2 3 4 |  4.0
Fighting       | 2 3 4 5 |  5.0
Ranged Weapons | 4 5 6 8 10 12 13 | 13.3
Dodging        | 2 3 4 6 7 9 10 12 | 12.0

Action                     |  1- 3 |  4- 6 |  7- 9 | 10-12 || total
---------------------------+-------+-------+-------+-------++-------
  Melee: Dagger            |       |    65 |       |       ||    65
         Punch             |       |     1 |       |       ||     1
         Falchion          |       |       |    43 |       ||    43
   Fire: Shortbow          |   103 |   118 |    61 |       ||   282
         Sling             |       |       |   175 |   479 ||   654
    Use: Scroll            |       |       |     6 |     9 ||    15
         Potion            |       |       |     2 |     7 ||     9
   Stab: Sleeping          |       |     1 |       |       ||     1
 Armour: Leather armour    |     6 |    29 |    15 |       ||    50
         Acid dragon scale |       |       |    10 |       ||    10
         Swamp dragon scal |       |       |       |    46 ||    46
  Dodge: Dodged            |    22 |   103 |   142 |   297 ||   564

Table legend: (Time is in decaauts)
 A = Elapsed time spent in this place.
 B = Non-inter-level travel time spent in this place.
 C = Inter-level travel time spent in this place.
 D = Time resting spent in this place.
 E = Time spent auto-exploring this place.
 F = Levels seen in this place.
 G = Mean time per level.
                   A        B        C        D        E       F      G
               +--------+--------+--------+--------+--------+-----+--------+
         Total |  13139 |  11537 |   1602 |   3304 |   4284 |  15 |  875.9 |
       Dungeon |  11990 |  10391 |   1599 |   3007 |   4284 |  12 |  999.2 |
        Temple |    178 |    175 |      3 |      0 |      0 |   1 |  178.0 |
        Bailey |    586 |    586 |      0 |    270 |      0 |   1 |  586.0 |
      Gauntlet |    384 |    384 |      0 |     27 |      0 |   1 |  384.0 |
               +--------+--------+--------+--------+--------+-----+--------+

Top non-repeatable levels by time:
    D:10: 1386 daAuts
     D:5: 1337 daAuts
     D:3: 1337 daAuts
     D:9: 1201 daAuts
     D:1: 1132 daAuts
     D:8: 1040 daAuts
     D:7: 1039 daAuts
    D:11: 1026 daAuts
     D:6: 900 daAuts
     D:2: 821 daAuts
     D:4: 638 daAuts
  Bailey: 586 daAuts
Gauntlet: 384 daAuts
  Temple: 178 daAuts
    D:12: 128 daAuts
